cohdb
Replays
Latest Replays
All Replays
Popular Replays
Top Player Replays
Match Explorer
How It Works
Community
CoH3 Stats
Reddit
Sign in to upload your games and track your stats! →
Sign in with Steam
Match 43256881
Unlisted
Match 43256881
Overview
Messages
Build Orders
End
Kradschützen Motorcycle Team
Selects Armored Support Battlegroup
Panzergrenadier Squad
Panzergrenadier Squad
Panzerpioneer Squad
Construct Light Support Kompanie
Selects Superior Fire Drills
Construct Mechanized Kompanie
Panzerjäger Mechanized Group
Veteran Squad Leaders
8 Rad Armored Car
MG34 Team
Marder III Tank Destroyer
Vehicle Survival Package
Selects Flammpanzer III Medium Tank
Support Armor Elements
Marder III Tank Destroyer
Tungsten Core Ammunition
Flammpanzer III Medium Tank
Construct Panzerarmee Kommand
Selects Command Panzer IV F Medium Tank
Command Panzer IV F Medium Tank
Grongolock
Templariusz
0
0
Comments
sign in to comment!
No comments posted yet!